Unix NetHack Version 5.0.0-0 post-release - last build Jul 19 2026 19:10:59 (3aa4ab31751d3886436d94b585a96704892fd477,branch:main).

Game began 2026-07-25 19:09:19, ended 2026-07-28 02:32:54.

Jinnora, neutral female human Tourist

                                      -------
                                      .....[[.           ...
                                      -%----.......     ....
                                      ...  --..)%..     ....
                                      ...   --)))%%...  ...
                                      ...    |..%%.....       -----
                                      .%.     ------.!.       |...
                                      )%.           -%--     --..---------
                                  -----|-----       .%...   --...|.......|
                                ---...AA..@.---     ....%.---%)%.|.......|
                                |.............|     )....%%)%.))%-.%.$...|
                                |. ----.---- .|        ...---..%%|.......|
                                |  |..@....|  |             --%..|.......|
                                  @|..@@f..|                 --%.---------
                                   |...@...|                  |..%
                                   |.@.....|                  -----
                                   |.......|
                                   ---------
                                    D

Jinnora the Explorer        St:25 Dx:18 Co:18 In:22 Wi:22 Ch:18  Neutral
Astral Plane $:2 HP:389(389) Pw:140(140) AC:-36 Xp:27/70043399 Satiated T:72321

Latest messages:
 You hit Ron the invisible Chevalier!
 "Burrrrp!"
 Izchak the Physician picks up a mace.
 Izchak the Physician picks up a cloak of magic resistance.
 "Burrrrp!"
 You hear a chugging sound.
 Izchak the Physician picks up a small shield.
 The Angel of Offler zaps you with a magic missile!
 The magic missile whizzes by you!
 The magic missile bounces!
 The magic missile whizzes by you!
 The high priestess of The Lady swings her mace at Warwick the invisible Herbalist.
 The high priestess of The Lady misses Warwick the invisible Herbalist.
 The high priestess of The Lady misses Warwick the invisible Herbalist.
 The high priestess of The Lady swings her mace.
 The high priestess of The Lady hits!
 The high priestess of The Lady kicks!
 What do you want to use or apply? [efjsuyzABDG-IPT-W or ?*] ?
 In what direction? 6
 You set the figurine beside you and it transforms.
 "Burrrrp!"
 You hear a chugging sound.
 The high priestess of The Lady swings her mace.
 The high priestess of The Lady hits!
 The high priestess of The Lady kicks!
 The high priestess of The Lady swings her mace.
 The high priestess of The Lady hits!
 The high priestess of The Lady kicks!
 What do you want to remove? [nvX or ?*] ?
 You were wearing a blessed ring of conflict (on right hand).
 What do you want to drink? [tO or ?*] ?
 You feel completely healed.
 The Angel of Blind Io zaps you with a magic missile!
 The magic missile hits the Angel of Offler.
 But it reflects from the Angel of Offler's shield!
 The magic missile misses the Angel of Blind Io.
 "Repent, and thou shalt be saved!"
 What do you want to sacrifice? [Q or ?*] ?
 What do you want to sacrifice? [Q or ?*] Q
 You offer the Amulet of Yendor to The Lady...
 An invisible choir sings, and you are bathed in radiance...
 The voice of The Lady booms out: "Mortal, thou hast done well!"
 "In return for thy service, I grant thee the gift of Immortality!"
 You ascend to the status of Demigoddess...
 Do you want your possessions identified? [ynq] (y) y
 Do you want to see your attributes? [ynq] (y) y
 Do you want an account of creatures vanquished? [ynaq] (y) y
 Do you want a list of species genocided and extinct? [ynaq] (y) y
 Do you want to see your conduct and achievements? [ynq] (y) y
 Do you want to see the dungeon overview? [ynq] (y) y

Inventory:
 Coins    ('$')
  $ - 2 gold pieces
 Amulets  ('"')
  g - an uncursed amulet of life saving
  X - an uncursed amulet of life saving (being worn)
 Weapons  (')')
  q - the blessed +6 Grayswandir (wielded in right hand)
  l - a blessed +6 silver saber (wielded in left hand)
 Armor    ('[')
  L - an uncursed +4 helm of brilliance (being worn)
  S - a blessed rustproof +4 pair of gauntlets of power (being worn)
  R - a blessed fireproof +4 pair of speed boots (being worn)
  r - an uncursed greased fireproof +4 cloak of magic resistance (being worn)
  k - an uncursed +4 Hawaiian shirt with a tropical fish motif (being worn)
  d - a blessed +4 silver dragon scale mail (being worn)
 Comestibles  ('%')
  F - an uncursed K-ration
 Potions  ('!')
  t - 2 blessed diluted potions of full healing
 Rings    ('=')
  n - a blessed ring of conflict
  v - an uncursed ring of free action (on left hand)
  K - a blessed ring of levitation
 Wands    ('/')
  I - an uncursed wand of death (1:7)
  U - an uncursed wand of death (0:1)
  T - an uncursed wand of digging (0:5)
  u - an uncursed wand of teleportation (1:8)
  D - an uncursed wand of teleportation (0:7)
  G - an uncursed wand of teleportation (0:7)
  P - an uncursed wand of teleportation (0:6)
  W - an uncursed wand of teleportation (0:6)
 Tools    ('(')
  s - a blessed greased bag of holding containing 76 items
  A - the uncursed Bell of Opening (0:2)
  y - an uncursed can of grease (0:15)
  e - the uncursed Candelabrum of Invocation (7 of 7 candles attached)
  B - the blessed Platinum Yendorian Express Card
  j - an uncursed skeleton key
  f - an uncursed stethoscope
  H - an uncursed wet towel
  z - a blessed +0 unicorn horn
 Gems/Stones  ('*')
  C - a blessed luckstone

Contents of the bag of holding:
  13 blessed +7 daggers
  the blessed rustproof +7 Magicbane
  a cursed -2 helm of opposite alignment
  an uncursed -1 pair of levitation boots
  a blessed +1 shield of drain resistance
  24 uncursed K-rations
  6 blessed scrolls of blank paper
  6 uncursed scrolls of blank paper
  2 cursed scrolls of blank paper
  a blessed scroll of charging
  2 uncursed scrolls of charging
  2 uncursed scrolls of magic mapping
  2 blessed scrolls of remove curse
  a blessed scroll of scare monster
  5 cursed scrolls of teleportation
  6 blessed potions of full healing
  4 blessed potions of restore ability
  16 potions of holy water
  an uncursed ring of free action
  an uncursed ring of free action
  an uncursed ring of slow digestion
  an uncursed ring of sustain ability
  an uncursed wand of death (0:6)
  an uncursed wand of death (0:6)
  an uncursed wand of digging (0:8)
  an uncursed wand of digging (0:8)
  an uncursed wand of digging (0:7)
  an uncursed wand of digging (0:7)
  an uncursed wand of digging (0:7)
  an uncursed wand of digging (0:7)
  an uncursed wand of digging (0:5)
  an uncursed wand of digging (0:2)
  an uncursed wand of fire (0:8)
  an uncursed wand of secret door detection (0:12)
  an uncursed wand of sleep (0:8)
  an uncursed wand of sleep (0:7)
  an uncursed wand of sleep (0:6)
  an uncursed wand of stasis (0:6)
  an uncursed wand of stasis (0:4)
  an uncursed wand of teleportation (0:5)
  an uncursed wand of teleportation (0:4)
  an uncursed wand of teleportation (0:4)
  an uncursed wand of teleportation (0:4)
  an empty uncursed sack
  an uncursed magic flute (0:4)
  an uncursed blindfold
  an uncursed expensive camera (0:90)
  an uncursed magic marker (1:51)
  an uncursed magic marker (0:46)
  an uncursed magic whistle
  an uncursed +0 pick-axe
  4 uncursed agate stones
  3 uncursed amber stones
  11 uncursed amethyst stones
  an uncursed aquamarine stone
  5 uncursed chrysoberyl stones
  5 uncursed citrine stones
  7 uncursed diamonds
  an uncursed dilithium crystal
  17 uncursed emeralds
  10 uncursed fluorite stones
  an uncursed garnet stone
  3 uncursed jacinth stones
  15 uncursed jade stones
  an uncursed jasper stone
  4 uncursed jet stones
  11 uncursed obsidian stones
  6 uncursed opals
  9 uncursed rubies
  an uncursed sapphire
  7 uncursed topaz stones
  4 uncursed turquoise stones
  an uncursed flint stone
  a blessed luckstone
  4 uncursed luckstones
  2 blessed touchstones

Jinnora the Tourist's attributes:

Background:
 You were an Explorer, a level 27 female human Tourist.
 You were neutral, on a mission for The Lady
 who was opposed by Blind Io (lawful) and Offler (chaotic).
 You were right-handed.
 You were in the endgame, on the Astral Plane.
 You entered the dungeon 72321 turns ago.
 It was nighttime.
 You had 70043399 experience points, 9956601 more were needed for level 28.

Basics:
 You had all 389 hit points.
 You had all 140 energy points (spell power).
 Your armor class was -36.
 Your wallet contained 2 zorkmids.
 Autopickup was off.

Final Characteristics:
 Your strength was 25 (base:18/19, innate limit:18/100).
 Your dexterity was 18 (limit:18).
 Your constitution was 18 (limit:18).
 Your intelligence was 22 (base:18, innate limit:18).
 Your wisdom was 22 (base:18, innate limit:18).
 Your charisma was 18 (limit:18).

Final Status:
 You were satiated.
 You were unencumbered.
 You were wielding two weapons at once.
 You were skilled in saber and two weapons.

Final Attributes:
 You were piously aligned.
 You were magic-protected.
 You were fire resistant.
 You were cold resistant.
 You were sleep resistant.
 You were disintegration resistant.
 You were shock resistant.
 You were poison resistant.
 You resisted hallucinations.
 You saw invisible.
 You were telepathic.
 You had automatic searching.
 You were invisible to others.
 You could teleport.
 You had teleport control.
 You had a moderate defense bonus (+9).
 You were warded.
 You took half spell damage.
 You were very fast.
 You had reflection.
 You had free action.
 Your life would have been saved.
 You were extremely lucky.
 You had extra luck.
 Good luck did not time out for you.
 You survived.

Miscellaneous:
 You encountered 2 bones levels.
 Total elapsed playing time was 1 day, 7 minutes and 32 seconds.

Major events:
 Turn
    1: Jinnora the neutral female human Tourist entered the dungeon
 3378: entered the Gnomish Mines
 3378: attained the rank of Sightseer (level 3)
 4315: reached Mine Town
 7293: attained the rank of Excursionist (level 6)
 9946: entered Sokoban
10549: completed 1st Sokoban level
11875: completed 2nd Sokoban level
15344: read a Discworld novel
18512: acquired the Mines' End luckstone
19402: attained the rank of Peregrinatrix (level 10)
19714: completed 3rd Sokoban level
20297: completed 4th Sokoban level
20522: acquired the Sokoban bag of holding
23239: was bestowed with Magicbane by The Lady
30824: entered Home 1, the Quest
32030: killed Medusa
33204: made her first wish - "blessed greased fixed +2 Grayswandir", got "a greased silver saber named Grayswandir"
33694: attained the rank of Traveler (level 14)
34237: Twoflower has granted access to proceed deeper into the quest
34240: entered Home 2, the Quest
34609: entered Home 3, the Quest
36052: entered Home 4, the Quest
36418: entered Home 5, the Quest
37207: killed the Master of Thieves
37210: found the Platinum Yendorian Express Card on the floor
37210: acquired the Bell of Opening
38907: entered Gehennom
40326: killed Asmodeus
40969: was bestowed with Dragonbane by The Lady
41643: was bestowed with Werebane by The Lady
41883: was bestowed with Trollsbane by The Lady
43125: was bestowed with Vorpal Blade by The Lady
46638: was bestowed with Giantslayer by The Lady
50679: wished for "3 blessed scrolls of genocide", got "3 scrolls labeled ELBIB YLOH"
50681: performed her first genocide (class L)
53260: genocided shocking spheres
56121: killed Juiblex
56476: killed Baalzebub
57809: killed Yeenoghu
59837: wished for "blessed ring of levitation", got "a jade ring"
61322: destroyed Vlad the Impaler
61324: acquired the Candelabrum of Invocation
62603: found Demonbane carried by a monster
64671: killed Orcus
65691: attained the rank of Journeyer (level 18)
65697: attained the rank of Voyager (level 22)
68066: attained the rank of Explorer (level 26)
69424: genocided class R
69912: killed the Wizard of Yendor
69918: acquired the Book of the Dead
70080: performed the invocation
70278: killed the high priestess of Moloch
70280: acquired The Amulet of Yendor
70281: wished for "blessed greased fixed figurine of a large cat named Peppermint Stick", got "a greased figurine of a large cat"
70433: killed the Wizard of Yendor (2nd time)
70433: killed the Wizard of Yendor (3rd time)
72002: entered the Elemental Planes
72002: entered Plane of Earth
72002: killed the Wizard of Yendor (5th time)
72031: entered Plane of Air
72087: entered Plane of Fire
72119: entered Plane of Water
72121: genocided class ;
72225: entered the Astral Plane
72247: killed Death
72288: killed Death (2nd time)
72306: killed Pestilence
72315: found Sunsword carried by a monster
72321: ascended

Spells:
 Name                 Level Category     Fail Retention
 healing                1   healing       48%    (gone)
 light                  1   divination    39%    (gone)
 detect monsters        1   divination    39%   81%-90%
 magic missile          2   attack        39%    (gone)
 drain life             2   attack        39%    (gone)
 jumping                1   escape        39%   51%-75%
 restore ability        4   healing       80%    (gone)
 identify               3   divination    39%   51%-60%
 sleep                  3   enchantment   39%   51%-60%
 stone to flesh         3   healing       39%    (gone)
 detect unseen          3   divination    39%   31%-40%
 create familiar        6   clerical     100%   26%-50%
 charm monster          5   enchantment    3%   51%-60%
 haste self             3   escape        39%   51%-75%
 remove curse           3   clerical      48%   51%-75%
 create monster         2   clerical      39%  76%-100%

Skills:
 Fighting Skills
   bare handed combat [Unskilled]
   two weapon combat  [Skilled]
   riding             [Unskilled]
 Weapon Skills
   dagger             [Expert]
   knife              [Unskilled]
   axe                [Unskilled]
   pick-axe           [Unskilled]
   short sword        [Unskilled]
   broadsword         [Unskilled]
   long sword         [Unskilled]
   two-handed sword   [Unskilled]
   saber              [Skilled]
   mace               [Unskilled]
   morning star       [Unskilled]
   flail              [Unskilled]
   hammer             [Unskilled]
   quarterstaff       [Unskilled]
   polearms           [Unskilled]
   spear              [Unskilled]
   trident            [Unskilled]
   lance              [Unskilled]
   bow                [Unskilled]
   sling              [Unskilled]
   crossbow           [Unskilled]
   dart               [Basic]
   shuriken           [Unskilled]
   boomerang          [Unskilled]
   whip               [Unskilled]
   unicorn horn       [Unskilled]
 Spellcasting Skills
   divination spells  [Basic]
   enchantment spells [Basic]
   escape spells      [Unskilled]

Voluntary challenges:
 Character rerolling was not enabled.
 You genocided 13 types of monsters.
 You never changed form.
 You used 4 wishes (1 for an artifact).
 You did not violate any of the special Sokoban rules.
Achievements:
 You entered a shop.
 You entered the Gnomish Mines.
 You attained the rank of Sightseer.
 You entered Minetown.
 You entered a temple.
 You attained the rank of Excursionist.
 You entered Sokoban.
 You read from a Discworld novel.
 You completed the Gnomish Mines.
 You attained the rank of Peregrinatrix.
 You completed Sokoban.
 You defeated Medusa.
 You learned the tune to open and close the Castle's drawbridge.
 You attained the rank of Traveler.
 You had the Bell of Opening.
 You entered Gehennom.
 You had the Candelabrum of Invocation.
 You attained the rank of Journeyer.
 You attained the rank of Voyager.
 You attained the rank of Explorer.
 You handled the Book of the Dead.
 You gained access to Moloch's Sanctum.
 You reached the Elemental Planes.
 You reached the Astral Plane.
 You delivered the Amulet of Yendor.
 You ascended!

 The Elemental Planes:
    Astral Plane: <- You are here.
       Some temples and some altars.
    Plane of Water:
    Plane of Fire:
    Plane of Air:
    Plane of Earth:
 The Dungeons of Doom: levels 1 to 29
    Level 1:
    Level 2:
       A scroll shop, some graves.
    Level 3:
       Stairs down to The Gnomish Mines.
    Level 4: "stash"
       An armor shop.
    Level 5:
       Final resting place for
          poopdog-Wiz-Elf-Mal-Cha, killed by a giant ant.
    Level 6:
    Level 7:
    Level 8:
       Many fountains.
       Oracle of Delphi.
    Level 9:
       A fountain.
       Stairs up to Sokoban, level 8.
    Level 10:
       A wand shop, a fountain.
    Level 11:
       A sink, a grave.
    Level 12:
       A fountain.
       Final resting place for
          cremebrulee-Tou-Hum-Fem-Neu, killed by an elf-lord.
    Level 13:
    Level 14: "altar stash"
       A temple and some altars, a fountain.
       Portal to The Quest.
    Level 15:
       A primitive area.
    Level 16:
       Some fountains.
    Level 17:
       A weapon shop, many fountains.
    Level 18:
    Level 19:
       A grave.
    Level 20:
       A fountain.
    Level 21:
       A fountain.
    Level 22: "food stash"
       A fountain.
    Level 23:
       A grave.
    Level 24:
       A temple and an altar.
    Level 25:
    Level 26:
       A fountain, a grave.
    Level 27:
       Many trees.
    Level 28:
    Level 29:
       A fountain.
       The castle (play notes "FEBCC" to open or close drawbridge).
       Connection to Gehennom.
 Gehennom: levels 30 to 51
    Level 30:
       A temple and an altar, many graves.
       Valley of the Dead.
    Level 31:
    Level 32:
    Level 33:
       A fountain.
    Level 34:
    Level 35:
    Level 36:
    Level 37:
    Level 38:
       Stairs up to Vlad's Tower, level 37.
    Level 39:
    Level 40:
    Level 41:
    Level 42:
    Level 43:
    Level 44:
       Some shops, an altar, many graves.
    Level 45:
    Level 46:
    Level 47:
    Level 48:
    Level 49:
    Level 50:
    Level 51:
       A temple and an altar, many graves.
       Moloch's Sanctum.
 The Gnomish Mines: levels 4 to 11
    Level 4:
    Level 5:
    Level 6:
    Level 7:
       Many shops, a temple and an altar, many fountains.
    Level 8:
    Level 9:
    Level 10:
    Level 11:
 The Quest: levels 1 to 5
    Level 1:
       Many graves.
       Completed quest for Twoflower.
    Level 2:
    Level 3:
       Some shops, a temple, some graves.
    Level 4:
    Level 5:
       Some shops, many graves.
 Sokoban: levels 8 up to 5
    Level 5:
       Solved.
    Level 6:
       Solved.
    Level 7:
       Solved.
    Level 8:
       Solved.
 Vlad's Tower: levels 37 up to 35
    Level 35:
       A throne.
    Level 36:
    Level 37:


Vanquished creatures:
    Asmodeus
    Baalzebub
    Orcus
    Yeenoghu
    Juiblex
 an erinys
the Wizard of Yendor (6 times)
    Death (twice)
    Pestilence
    Vlad the Impaler
  a high cleric
  3 mastodons
    Medusa
 20 krakens
the Master of Thieves
  5 iron golems
  2 master liches
  2 ki-rin
 10 storm giants
  a glass golem
  9 balrogs
  5 purple worms
  2 gray dragons
  4 gold dragons
  7 silver dragons
  9 red dragons
  4 white dragons
  7 black dragons
  5 blue dragons
 20 minotaurs
  5 jabberwocks
  3 baluchitheria
 35 Angels
  a stone golem
  4 master mind flayers
  9 Olog-hai
  5 Nazgul
  6 pit fiends
  a sandestin
  4 hell hounds
  6 displacer beasts
  9 titanotheres
 13 trappers
  2 baby red dragons
  a baby white dragon
  a guardian naga
  9 genetic engineers
  4 disenchanters
 38 vampire leaders
  6 skeletons
 32 aligned clerics
 12 captains
  6 shades
  6 liches
  7 clay golems
 22 nurses
  6 ice devils
  4 nalfeshnees
 10 lurkers above
  4 Aleaxes
  8 frost giants
  6 ettins
  8 golden nagas
  6 black puddings
 28 vampires
 12 lieutenants
 41 ghosts
  a cave dweller
  3 queen bees
  7 winged gargoyles
  3 mind flayers
 14 giant mimics
 13 long worms
  9 zruties
  6 fire giants
 17 ogre tyrants
 19 ice trolls
 25 rock trolls
  3 umber hulks
  4 flesh golems
 16 elven monarchs
  9 doppelgangers
 13 hezrous
 14 bone devils
 13 large mimics
  6 wumpuses
  4 fire vortices
  9 couatls
 21 stalkers
  6 air elementals
  8 fire elementals
  4 earth elementals
  9 water elementals
 10 hill giants
 10 giant mummies
  2 black nagas
 11 xorns
 15 giant zombies
 28 elf-nobles
 36 sergeants
  7 barbed devils
 16 vrocks
 15 salamanders
 25 wargs
  7 winter wolves
  6 hell hound pups
 29 small mimics
  4 glass piercers
  9 warhorses
  9 steam vortices
 15 xans
  6 ettin mummies
 11 ogre leaders
 14 quantum mechanics
 24 trolls
  8 sasquatches
  8 wood golems
  6 mariliths
  a djinni
  7 sharks
  9 electric eels
 16 gelatinous cubes
  5 pyrolisks
  4 large dogs
 12 freezing spheres
  8 flaming spheres
 10 shocking spheres
  4 large cats
  8 tigers
 10 gargoyles
 12 dwarf rulers
 17 tengu
  9 ochre jellies
 18 leocrottas
 11 energy vortices
  6 mountain centaurs
 13 stone giants
 13 elf mummies
  6 human mummies
  8 red nagas
  2 green slimes
  4 pythons
  9 pit vipers
  7 cobras
 61 wraiths
  8 carnivorous apes
 20 ettin zombies
 14 leather golems
 26 Grey-elves
117 soldiers
  3 watchmen
 20 amorous demons
  6 horned devils
  9 chameleons
  5 crocodiles
 45 giant beetles
 14 quivering blobs
 31 cockatrices
 21 wolves
 15 winter wolf cubs
  9 lynxes
  7 panthers
 12 gremlins
  6 spotted jellies
 26 leprechauns
  8 orc-captains
 12 iron piercers
  7 mumakil
159 giant spiders
 18 scorpions
  5 horses
  9 ice vortices
  a baby long worm
 19 black lights
 18 vampire bats
 47 forest centaurs
  9 gnome rulers
 10 orc mummies
  6 dwarf mummies
 12 ogres
 10 brown puddings
 12 rust monsters
 19 owlbears
  8 yetis
  8 gold golems
  7 werewolves
 40 Green-elves
  8 piranha
 24 giant eels
 22 lizards
 25 chickatrices
  5 dingoes
  a dog
  2 housecats
 18 jaguars
 10 dwarf leaders
  7 blue jellies
 11 white unicorns
  9 black unicorns
 13 dust vortices
 27 ravens
  5 plains centaurs
  2 Kop Kaptains
  5 gnome mummies
 18 snakes
  5 water moccasins
 13 apes
 32 human zombies
 10 rope golems
 13 Woodland-elves
 62 soldier ants
 22 fire ants
 28 bugbears
  8 imps
  3 lemures
 10 quasits
 11 wood nymphs
 12 water nymphs
 15 mountain nymphs
 38 Mordor orcs
 26 Uruk-hai
  4 orc shamans
 15 rock piercers
 12 rock moles
  6 ponies
 13 fog clouds
 30 yellow lights
  5 shriekers
 19 violet fungi
 32 gnome leaders
 17 gnomish wizards
  4 Kop Lieutenants
  4 kobold mummies
 12 gray oozes
  7 barrow wights
 24 elf zombies
 19 ghouls
  4 straw golems
  9 paper golems
  8 jellyfish
  a baby crocodile
104 giant ants
  a little dog
 27 floating eyes
  6 kittens
 36 dwarves
 14 homunculi
  6 kobold leaders
  6 kobold shamans
 74 hill orcs
 57 rothes
  8 rabid rats
 17 centipedes
 13 giant bats
  3 monkeys
 32 orc zombies
 22 dwarf zombies
  9 wererats
  4 werejackals
 32 iguanas
101 killer bees
  5 acid blobs
  a coyote
  3 gas spores
 17 hobbits
 22 manes
  6 large kobolds
 39 hobgoblins
 16 giant rats
 52 cave spiders
  5 brown molds
 12 yellow molds
  a green mold
  4 red molds
 90 gnomes
  7 Keystone Kops
 17 garter snakes
 26 gnome zombies
 30 geckos
 16 jackals
  2 foxes
  6 kobolds
  8 goblins
 12 sewer rats
 10 grid bugs
  7 bats
 18 lichens
 23 kobold zombies
 17 newts
4058 creatures vanquished.

Genocided or extinct species:
 arch-liches
 krakens
 master liches
 demiliches
 disenchanters
 liches
 sharks
 electric eels
 shocking spheres
 giant spiders (extinct)
 rust monsters
 piranha
 giant eels
 jellyfish
13 species genocided.
1 species extinct.

Aloha Jinnora the Demigoddess...

You and Peppermint Stick
went to your reward with 4189214 points,
The Candelabrum of Invocation (worth 5000 zorkmids and 12500 points)
Grayswandir (worth 8000 zorkmids and 20000 points)
Magicbane (worth 3500 zorkmids and 8750 points)
The Bell of Opening (worth 5000 zorkmids and 12500 points)
The Platinum Yendorian Express Card (worth 7000 zorkmids and 17500 points)
      17 emeralds (worth 42500 zorkmids),
      15 jade stones (worth 4500 zorkmids),
      11 amethyst stones (worth 6600 zorkmids),
      11 obsidian stones (worth 2200 zorkmids),
      10 fluorite stones (worth 4000 zorkmids),
       9 rubies (worth 31500 zorkmids),
       7 diamonds (worth 28000 zorkmids),
       7 topaz stones (worth 6300 zorkmids),
       6 opals (worth 4800 zorkmids),
       5 citrine stones (worth 7500 zorkmids),
       5 chrysoberyl stones (worth 3500 zorkmids),
       4 turquoise stones (worth 8000 zorkmids),
       4 jet stones (worth 3400 zorkmids),
       4 agate stones (worth 800 zorkmids),
       3 jacinth stones (worth 9750 zorkmids),
       3 amber stones (worth 3000 zorkmids),
       1 dilithium crystal (worth 4500 zorkmids),
       1 sapphire (worth 3000 zorkmids),
       1 aquamarine stone (worth 1500 zorkmids),
       1 garnet stone (worth 700 zorkmids),
       1 jasper stone (worth 500 zorkmids),
       2 amulets of life saving (worth 300 zorkmids),
and 2 pieces of gold, after 72321 moves.
You were level 27 with a maximum of 389 hit points when you ascended.

